 Dungeon Crawl Stone Soup version 0.31-a0-889-g1a8549509d (webtiles) character file.

Game seed: 10831693826158712242

2111 Azuregosa the Ruffian (level 9, -6/88 HPs)
             Began as a Troll Delver on Oct 16, 2023.
             Was a Believer of Trog.
             Mangled by Menkaure (12 damage)
             ... on level 6 of the Dungeon.
             The game lasted 00:17:56 (4949 turns).

Azuregosa the Ruffian (Troll Delver)                Turns: 4949, Time: 00:17:57

Health: -6/88      AC:  5    Str: 22    XL:     9   Next: 7%
Magic:  8/8        EV: 12    Int:  6    God:    Trog [**....]
Gold:   30         SH:  0    Dex: 15    Spells: 8/8 levels left

rFire   . .          .
                       - Unarmed
rCold   . . .        (no shield)
rNeg    . . .        t - +0 robe {Will+}
rPois   .            (helmet restricted)
rElec   .            d - +0 cloak
rCorr   +            (gloves unavailable)
SInv    .            (boots unavailable)
Will    +....        (no amulet)
Stlth   +++          C - ring of resist corrosion
HPRegen 1.14/turn    q - ring of resist corrosion
MPRegen 0.11/turn

%: no passive effects
@: on berserk cooldown, hasted and slowed
A: large, unfitting armour, claws 3, regeneration 1, shaggy fur 1, tough skin 1
a: Renounce Religion, Berserk, Trog's Hand


You were on level 6 of the Dungeon.
You worshipped Trog.
Trog was pleased with you.
You visited 2 branches of the dungeon, and saw 9 of its levels.

You collected 385 gold pieces.
You spent 355 gold pieces at shops.

Inventory:

Hand Weapons
 A - a +0 dagger of electrocution
 B - a +1 dagger of speed
Missiles
 c - 3 atropa-tipped darts
 l - 46 stones
 u - 2 poisoned darts
Armour
 a - a +0 robe
 d - a +0 cloak (worn)
 o - a +0 cloak
 t - a +0 robe of willpower (worn)
Jewellery
 q - a ring of resist corrosion (right claw)
 C - a ring of resist corrosion (left claw)
Wands
 f - a wand of digging (3)
 g - a wand of light (7)
 s - a wand of polymorph (2)
 D - a wand of paralysis (6)
Scrolls
 b - 3 scrolls of fog
 h - 4 scrolls of noise {unknown}
 i - 2 scrolls of immolation {unknown}
 m - 5 scrolls of teleportation
 p - a scroll of enchant weapon
 v - a scroll of torment
 x - a scroll of poison
 y - a scroll of vulnerability
 E - a scroll of enchant armour
 F - a scroll of fear
 G - a scroll of blinking
Potions
 j - 2 potions of cancellation {unknown}
 k - 2 potions of degeneration {unknown}
 n - a potion of brilliance
 r - 2 potions of mutation {unknown}
 w - 3 potions of attraction {unknown}
 z - a potion of heal wounds


   Skills:
 + Level 5.5 Fighting
 + Level 5.2 Dodging
 + Level 4.7 Stealth
 + Level 6.3 Unarmed Combat


You had 8 spell levels left.
You didn't know any spells.
Your spell library contained the following spells:

 Spells                   Type           Power      Damage    Failure   Level
 Sandblast                Erth           0%         2d4       45%         1
 Passwall                 Tmut/Erth      0%         N/A       58%         2
 Call Canine Familiar     Summ           0%         N/A       83%         3
 Sigil of Binding         Hex            0%         N/A       83%         3
 Stone Arrow              Conj/Erth      0%         3d7       83%         3
 Brom's Barrelling Bould  Conj/Erth      0%         2d3       99%         4
 Dimensional Bullseye     Hex/Tloc       0%         N/A       99%         4
 Leda's Liquefaction      Hex/Erth       0%         N/A       99%         4


Dungeon Overview and Level Annotations

Branches:
Dungeon (8/15)             Temple (1/1) D:5
   Lair: D:8-11

Altars:
Ashenzari
Cheibriados
Dithmenos
Gozag
Hepliaklqana
Kikubaaqudgha
Nemelex Xobeh
Qazlal
Ru
Sif Muna
Trog
Uskayaw
Vehumet
Xom
Yredelemnul
Zin
The Shining One

Shops:
D:3 [?=*(

Annotations:
D:6 Menkaure


Innate Abilities, Weirdness & Mutations

You are too large for most types of armour.
You have claws for hands.
Your natural rate of healing is unusually fast.
You are covered in fur. (AC +1)
You have tough skin. (AC +1)


Message History

The killer bee stings you but does no damage.
You miss the killer bee.
The killer bee is heavily wounded.
You feel sick. The killer bee stings you.
* * * LOW HITPOINT WARNING * * *
A sleepcap comes into view.
You miss the killer bee.
The killer bee is heavily wounded.
You feel sick. The killer bee stings you.
* * * LOW HITPOINT WARNING * * *
You mangle the killer bee!!
You kill the killer bee!
Trog accepts your kill.
You feel sick.
The white imp shouts, "Crawl home, thou pandering ill-breeding guttersnipe!"
You mangle the killer bee!!
You kill the killer bee!
Trog accepts your kill.
You feel sick.
You feel sick.
Menkaure calls on the powers of darkness!
Your body is wracked with pain!
* * * LOW HITPOINT WARNING * * *
You feel a strong urge to attack something.
You feel sick.
You feel sick.
Menkaure casts a spell.
Menkaure seems to speed up.
You feel your anger nearly subside.
You are no longer berserk.
You are exhausted.
You feel yourself slow down.
You claw the white imp!
You kill the white imp!
Trog accepts your kill.
You feel sick.
You barely miss Menkaure.
You feel sick. Menkaure closely misses you. x2
You feel yourself speed up.
You feel sick.
You are no longer poisoned.
Menkaure hits you!
You die...

## .. #.
#..#######
#...5§f..# #
##.#####.#####.#
#......5fM@...#
#######.#######
#.# #.# #.# #.#
#.# #.


You could see a sleepcap, Menkaure (fast) and a white imp.

Vanquished Creatures
  The ghost of WhatIsLove the Thaumaturge, a novice DEFE (D:5)
  A wyvern (D:5)
  A black bear (D:4)
  2 ogres
  An ice beast (D:5)
  2 centaurs (D:5)
  2 phantoms
  Blork the orc (D:5)
  5 scorpions
  3 killer bees (D:6)
  3 howler monkeys
  2 hounds
  3 jellies
  Jessica (D:3)
  A sleepcap (D:5)
  Terence (D:3)
  An iguana (D:5)
  3 orc wizards
  Robin (D:2)
  5 adders
  2 white imps
  5 worms
  2 dart slugs
  11 orcs
  10 endoplasms
  6 giant cockroaches
  15 goblins
  5 hobgoblins
  2 jackals (D:2)
  2 quokkas
  9 ball pythons
  2 bats
  A frilled lizard (D:1)
  4 kobolds
  6 rats
  A spectral orc (D:5)
123 creatures vanquished.

Vanquished Creatures (others)
  A killer bee (D:6)
1 creature vanquished.

Grand Total: 124 creatures vanquished

Notes
Turn   | Place    | Note
-------+----------+-------------------------------------------
     0 | D:5      | Azuregosa the Troll Delver began the quest for the Orb.
     0 | D:5      | Reached XP level 1. HP: 22/22 MP: 0/0
     1 | D:6      | Noticed a phantom
    12 | D:6      | Killed a phantom
    13 | D:6      | Reached XP level 2. HP: 21/29 MP: 1/1
    13 | D:6      | Reached XP level 3. HP: 26/36 MP: 2/2
    13 | D:6      | Reached XP level 4. HP: 32/44 MP: 3/3
    77 | D:7      | Noticed a phantom
    89 | D:7      | Killed a phantom
    90 | D:7      | Reached skill level 3 in Unarmed Combat
    90 | D:7      | Reached XP level 5. HP: 21/53 MP: 4/4
   155 | D:8      | Noticed a wyvern
   155 | D:8      | Noticed a centaur
   155 | D:8      | Noticed a yak
   173 | D:8      | Noticed a yak
   229 | D:7      | Noticed an ogre
   238 | D:7      | Killed an ogre
   274 | D:7      | Reached XP level 6. HP: 45/61 MP: 5/5
   652 | D:4      | Reached skill level 4 in Unarmed Combat
   835 | D:4      | Reached XP level 7. HP: 68/68 MP: 6/6
  1170 | D:5      | Noticed a wyvern
  1181 | D:5      | Killed a wyvern
  1186 | D:5      | Reached skill level 5 in Unarmed Combat
  1235 | D:5      | Reached XP level 8. HP: 67/79 MP: 7/7
  1331 | D:5      | Noticed Blork the orc
  1345 | D:5      | Killed Blork the orc
  1378 | D:5      | Found a staircase to the Ecumenical Temple.
  1406 | Temple   | Entered the Ecumenical Temple
  1410 | Temple   | Became a worshipper of Trog the Wrathful
  1524 | D:5      | Found a basalt altar of Yredelemnul.
  1645 | D:3      | Found Opek's Jewellery Boutique.
  2111 | D:1      | Reached * piety under Trog
  2735 | D:2      | Noticed Robin
  2767 | D:2      | Killed Robin
  2768 | D:2      | Reached skill level 5 in Fighting
  3580 | D:3      | Found Arekev's Assorted Antiques.
  3705 | D:3      | Found Gocoiwio's Antique Weapon Boutique.
  3734 | D:3      | Found Pott's Magic Scroll Shoppe.
  3743 | D:3      | Bought a scroll of enchant armour for 75 gold pieces
  3743 | D:3      | Bought a scroll of identify for 20 gold pieces
  3743 | D:3      | Bought a scroll of fear for 40 gold pieces
  3743 | D:3      | Bought a scroll of identify for 20 gold pieces
  3743 | D:3      | Bought a scroll of identify for 20 gold pieces
  3743 | D:3      | Bought a scroll of teleportation for 30 gold pieces
  3743 | D:3      | Bought 2 scrolls of blinking for 150 gold pieces
  3770 | D:3      | Noticed Terence
  3781 | D:3      | Killed Terence
  3795 | D:3      | Reached ** piety under Trog
  3804 | D:3      | Found an ancient bone altar of Kikubaaqudgha.
  4019 | D:3      | Found Imica's Armour Shoppe.
  4098 | D:3      | Noticed Jessica
  4102 | D:3      | Killed Jessica
  4555 | D:5      | Found a runed translucent door.
  4557 | D:5      | Noticed WhatIsLove's ghost (novice DEFE)
  4566 | D:5      | Killed WhatIsLove's ghost
  4567 | D:5      | Reached skill level 5 in Dodging
  4567 | D:5      | Reached skill level 6 in Unarmed Combat
  4658 | D:5      | Reached XP level 9. HP: 41/88 MP: 8/8
  4922 | D:6      | Noticed Menkaure
  4949 | D:6      | Mangled by Menkaure

Illustrated notes

Levels and vault maps discovered:
D:1:      heliophobic_arrival_enchanted_forest, layout_basic, fountainhead
D:2:      layout_loops_corners, minmay_misc_feat_roman, uniq_robin
D:3:      layout_basic, lemuel_round_altar, serial_shops,
          nicolae_shop_tiny_waterfront, nicolae_shop_peninsula,
          nicolae_shop_back_alley_shop, shop, nicolae_diamond_shop,
          kennysheep_crisscross, uniq_terence, uniq_jessica
D:4:      layout_rooms, minmay_bisected
D:5:      layout_loops_corners, yredelemnul_forgotten_temple_becter,
          minmay_temple_entry_drinking_statues, ebering_ghost_sewer_d,
          nicolae_fountain_basement, uniq_blork_the_orc
D:6:      layout_loops_ring, uniq_edmund, uniq_pikel, uniq_menkaure
D:7:      layout_gridville, corner_web_ring
D:8:      layout_basic, kennysheep_okawaru_gauntlet, enter_bailey_3,
          nicolae_shop_i_like_big_books, nicolae_fountain_basement
Temple:   hellmonk_temple_two_chambers

Skill      XL: |  1  2  3  4  5  6  7  8 |
---------------+-------------------------+-----
Dodging        | 2 3 4 5 |  5.2
Stealth        | 3 4 |  4.7
Fighting       | 3 4 5 |  5.5
Unarmed Combat | 3 4 5 6 |  6.3

Action                     |  1- 3 |  4- 6 |  7- 9 || total
---------------------------+-------+-------+-------++-------
  Melee: Unarmed           |    10 |    82 |   264 ||   356
         Punch             |       |     2 |    12 ||    14
 Invoke: Berserk           |       |       |     1 ||     1
    Use: Scroll            |       |     2 |     7 ||     9
         Potion            |       |       |     2 ||     2
   Stab: Sleeping          |       |     2 |    21 ||    23
         Distracted        |       |       |     3 ||     3
 Armour: Robe              |     6 |    57 |   189 ||   252
  Dodge: Dodged            |     2 |    34 |   150 ||   186

Table legend: (Time is in decaauts)
 A = Elapsed time spent in this place.
 B = Non-inter-level travel time spent in this place.
 C = Inter-level travel time spent in this place.
 D = Time resting spent in this place.
 E = Time spent auto-exploring this place.
 F = Levels seen in this place.
 G = Mean time per level.
                   A        B        C        D        E       F      G
               +--------+--------+--------+--------+--------+-----+--------+
         Total |   4916 |   4765 |    151 |    362 |   3096 |   9 |  546.2 |
       Dungeon |   4907 |   4756 |    151 |    362 |   3096 |   8 |  613.4 |
        Temple |      8 |      8 |      0 |      0 |      0 |   1 |    8.0 |
               +--------+--------+--------+--------+--------+-----+--------+

Top non-repeatable levels by time:
     D:5: 1132 daAuts
     D:3: 929 daAuts
     D:1: 893 daAuts
     D:2: 882 daAuts
     D:4: 600 daAuts
     D:7: 347 daAuts
     D:6: 108 daAuts
     D:8: 14 daAuts
  Temple: 8 daAuts
